 Dungeon Crawl Stone Soup version 0.32-a0-411-g744942f433 (webtiles) character file.

Game seed: 11482806893306053132

1641 CougarLife the Geomancer (level 8, -6/41 HPs)
             Began as a Gargoyle Earth Elementalist on Feb 21, 2024.
             Was an Initiate of Gozag.
             Mangled by an ice beast (13 damage)
             ... on level 6 of the Dungeon.
             The game lasted 00:07:00 (5869 turns).

CougarLife the Geomancer (GrEE)                     Turns: 5869, Time: 00:07:00

Health: -6/41      AC:  8    Str: 12    XL:     8   Next: 99%
Magic:  3/17       EV: 11    Int: 18    God:    Gozag
Gold:   428        SH:  0    Dex: 10    Spells: 15/19 levels left

rFire   . . .        (no weapon)
rCold   . . .        (no shield)
rNeg    + . .        a - +0 robe
rPois   ∞            (no helmet)
rElec   +            n - +0 cloak {Stlth+}
rCorr   .            (no gloves)
SInv    .            (no boots)
Will    .....        (no amulet)
Stlth   +++          (no ring)
HPRegen 0.26/turn    (no ring)
MPRegen 0.15/turn

%: no passive effects
@: no status effects
A: sickness immunity, AC +5, negative energy resistance 1, electricity
resistance, torment resistance 1, petrification resistance
a: Renounce Religion, Potion Petition, Call Merchant, Bribe Branch


You were on level 6 of the Dungeon.
You worshipped Gozag.
Gozag was aware of your devotion.
You visited 2 branches of the dungeon, and saw 7 of its levels.
You also visited: Sewer.

You collected 547 gold pieces.
You spent 60 gold pieces at shops.
You paid 59 gold pieces to Gozag.

Inventory:

Hand Weapons
 e - a +0 dagger
Missiles
 k - a throwing net
Armour
 a - a +0 robe (worn)
 n - a +0 cloak of stealth (worn)
Jewellery
 r - a ring of wizardry
Wands
 p - a wand of paralysis (11)
Scrolls
 d - 2 scrolls of teleportation {unknown}
 f - 4 scrolls of blinking
 g - a scroll of fear {unknown}
 l - a scroll of fog {unknown}
 m - a scroll of butterflies {unknown}
 o - 3 scrolls of identify {unknown}
 t - 4 scrolls of poison {unknown}
 u - a scroll of brand weapon {unknown}
 v - a scroll of noise {unknown}
 w - a scroll of amnesia {unknown}
 x - a scroll of silence {unknown}
Potions
 b - a potion of magic
 c - a potion of might {unknown}
 h - 6 potions of curing {unknown}
 i - 3 potions of heal wounds
 j - 3 potions of haste {unknown}
 q - a potion of degeneration {unknown}
 s - a potion of cancellation {unknown}


   Skills:
 - Level 1.5 Dodging
 - Level 2.1 Stealth
 + Level 6.2 Spellcasting
 + Level 6.9 Conjurations
 + Level 8.4 Earth Magic


You had 15 spell levels left.
You knew the following spells:

 Your Spells              Type           Power      Damage    Failure   Level
a - Sandblast             Erth           72%        2d16      1%          1
b - Stone Arrow           Conj/Erth      66%        3d11      1%          3

Your spell library contained the following spells:

 Spells                   Type           Power      Damage    Failure   Level
 Passwall                 Erth           36%        N/A       1%          3
 Brom's Barrelling Bould  Conj/Erth      33%        2d5       4%          4
 Animate Armour           Summ/Erth      40%        N/A       21%         4
 Petrify                  Alch/Erth      20%        N/A       21%         4
 Flame Wave               Conj/Fire      18%        2d7       28%         4
 Inner Flame              Hex/Fire       5%         N/A       34%         3
 Sticky Flame             Fire/Alch      5%         2d4       75%         4
 Lehudib's Crystal Spear  Conj/Erth      16%        10d5      100%        8


Dungeon Overview and Level Annotations

Branches:
Dungeon (6/15)             Temple (1/1) D:6           Sewer (visited)

Altars:
Dithmenos
Elyvilon
Fedhas
Gozag
Kikubaaqudgha
Makhleb
Okawaru
Qazlal
Ru
Sif Muna
Trog
Uskayaw
Wu Jian
Xom
Yredelemnul
Zin

Shops:
D:3 !


Innate Abilities, Weirdness & Mutations

You are immune to sickness and miasma.
Your stone body is resilient. (AC +5)
You are immune to poison.
You resist negative energy. (rN+)
You are resistant to electric shocks. (rElec)
You are resistant to unholy torment.
You are immune to petrification.


Message History

The hornet is almost dead.
The hornet stings you!
Casting: Stone Arrow (safe; 1% risk of failure)
Confirm with . or Enter, or press ? or * to list all spells.
Aiming: Stone Arrow (safe; 1% risk of failure)
Press: ? - help, Shift-Dir - straight line, f/p - hornet
Aim: a hornet (almost dead, 60% to hit)
The stone arrow hits the hornet!!
You kill the hornet!
Your Spellcasting skill increases to level 6!
You start resting.
An ice beast comes into view.
An ice beast is nearby!
Casting: Stone Arrow (safe; 1% risk of failure)
Confirm with . or Enter, or press ? or * to list all spells.
Aiming: Sandblast (safe; 1% risk of failure)
Press: ? - help, Shift-Dir - straight line, f - ice beast
Aim: an ice beast (wandering, hasn't noticed you, 84% to hit)
The blast of sand hits the ice beast but does no damage.
The ice beast hits you. The ice beast freezes you!
Casting: Sandblast (safe; 1% risk of failure)
Confirm with . or Enter, or press ? or * to list all spells.
Aiming: Sandblast (safe; 1% risk of failure)
Press: ? - help, Shift-Dir - straight line, f/p - ice beast
Aim: an ice beast (84% to hit)
The blast of sand misses the ice beast.
The ice beast hits you. The ice beast freezes you!
* * * LOW HITPOINT WARNING * * *
Casting: Sandblast (safe; 1% risk of failure)
Confirm with . or Enter, or press ? or * to list all spells.
Aiming: Sandblast (safe; 1% risk of failure)
Press: ? - help, Shift-Dir - straight line, f/p - ice beast
Aim: an ice beast (84% to hit)
The blast of sand hits the ice beast!
The ice beast is heavily wounded.
The ice beast hits you.
* * * LOW HITPOINT WARNING * * *
The ice beast freezes you!
You die...
Your body crumbles into a pile of gold.

##.###. #####
#...... ...###..####
####...#..#
#......#..#
#####..#......####
#.....###.........
#Y##..###..##.....
#@###..#..###.####
#....$.##.....# ..#
###......[..........
#..##.........##..
#.# ##..._...## #.
#. #.........# #.
.............
###..##.....##..#
#.# #..#..# #.. ..


You could see an ice beast.

Vanquished Creatures
  A hornet (D:6)
  Grinder (D:5)
  A fire bat (D:5)
  A sky beast (D:5)
  An orc warrior (D:6)
  2 bullfrogs
  A scorpion (D:5)
  2 bombardier beetles
  2 jellies (D:4)
  Crazy Yiuf (D:3)
  3 hounds
  An orc priest (D:6)
  A sleepcap (D:4)
  4 iguanas
  10 adders
  11 dart slugs
  11 orcs
  9 ball pythons
  9 endoplasms
  14 giant cockroaches
  10 goblins
  9 hobgoblins
  8 jackals
  5 quokkas
  8 bats
  15 frilled lizards
  8 kobolds
  7 rats
156 creatures vanquished.

Notes
Turn   | Place    | Note
-------+----------+-------------------------------------------
     0 | D:1      | CougarLife the Gargoyle Earth Elementalist began the quest
                  | for the Orb.
     0 | D:1      | Reached XP level 1. HP: 10/10 MP: 3/3
   135 | D:1      | Reached XP level 2. HP: 14/15 MP: 3/5
   193 | D:1      | Reached skill level 4 in Earth Magic
   250 | D:1      | Reached XP level 3. HP: 11/19 MP: 0/6
   466 | D:1      | Learned a level 3 spell: Stone Arrow
   914 | D:1      | Reached XP level 4. HP: 24/24 MP: 6/8
  1827 | D:2      | Reached XP level 5. HP: 28/28 MP: 7/9
  2096 | D:3      | Found Riafran's Distillery.
  2122 | D:3      | Bought a potion of heal wounds for 60 gold pieces
  2146 | D:3      | Reached skill level 5 in Earth Magic
  2355 | D:3      | Found a runed translucent door.
  2356 | D:3      | Noticed Crazy Yiuf
  2414 | D:3      | Identified the +3 robe "Doel" {+Blink Dex+5}
  2506 | D:3      | Found a bloodstained altar of Trog.
  2507 | D:3      | Found a shimmering blue altar of Sif Muna.
  2508 | D:3      | Found a white marble altar of Elyvilon.
  2509 | D:3      | Found a sacrificial altar of Ru.
  2571 | D:3      | HP: 1/28 [Crazy Yiuf/+2 quarterstaff of chaos (2)]
  2572 | D:3      | Killed Crazy Yiuf
  2826 | D:4      | Reached XP level 6. HP: 20/32 MP: 7/11
  3076 | D:4      | Found an iron altar of Okawaru.
  3268 | D:4      | Noticed a +0 dagger
  3270 | D:4      | Noticed a +0 spear
  3270 | D:4      | Noticed a +0 short sword
  3271 | D:4      | Noticed a +0 falchion
  3271 | D:4      | Noticed a +0 falchion
  3271 | D:4      | Noticed a +0 short sword
  3271 | D:4      | Noticed a +0 spear
  3272 | D:4      | Noticed a +0 dagger
  3273 | D:4      | Found a hide-covered altar of Uskayaw.
  3588 | D:5      | Entered Level 5 of the Dungeon
  3789 | D:5      | Reached skill level 6 in Earth Magic
  3823 | D:5      | Noticed Grinder
  3832 | D:5      | Killed Grinder
  3833 | D:5      | Reached XP level 7. HP: 32/36 MP: 7/13
  3914 | D:5      | Reached skill level 5 in Conjurations
  3951 | D:5      | Found a blossoming altar of Fedhas.
  4057 | D:5      | Found an opulent altar of Gozag.
  4226 | D:5      | Found a shimmering altar of Xom.
  4226 | D:5      | Noticed a fire bat
  4229 | D:5      | Killed a fire bat
  4230 | D:5      | Reached skill level 5 in Spellcasting
  4230 | D:5      | Reached skill level 7 in Earth Magic
  4230 | D:5      | Reached XP level 8. HP: 41/41 MP: 10/15
  4604 | D:5      | Became a worshipper of Gozag Ym Sagoz the Greedy
  4741 | D:6      | Found a glowing drain.
  4757 | Sewer    | Entered a sewer
  5680 | D:6      | Found a staircase to the Ecumenical Temple.
  5698 | Temple   | Entered the Ecumenical Temple
  5768 | D:6      | Reached skill level 8 in Earth Magic
  5834 | D:6      | Found a shadowy altar of Dithmenos.
  5851 | D:6      | Noticed a hornet
  5857 | D:6      | Killed a hornet
  5869 | D:6      | Mangled by an ice beast

Illustrated notes

Levels and vault maps discovered:
D:1:      minmay_arrival_hallway, layout_loops_ring, minmay_hexomino_u4
D:2:      layout_loops_cross
D:3:      layout_rooms, mainiacjoe_overflow_alcove_3, serial_shops,
          nicolae_shop_crystal, uniq_crazy_yiuf_cottage
D:4:      layout_gridville, nicolae_uskayaw_en_pointe,
          kennysheep_okawaru_gauntlet
D:5:      layout_cave_pods, lemuel_crystal_altar, regret_index_xom_of_box,
          lemuel_tele_altar, uniq_grinder
D:6:      layout_basic, nicolae_dithmenos_shadow_blocks,
          nicolae_tso_carved_into_rock, worldfamousw_hep_ancestral_shrine,
          minmay_temple_entry_statues_pillars, gup_sewer_entry_pipe,
          serial_bayou_pond_d, uniq_menkaure
Temple:   nicolae_temple_superstar

Skill      XL: |  1  2  3  4  5  6  7  8 |
---------------+-------------------------+-----
Earth Magic    | 4 5 6 7 8 |  8.4
Conjurations   | 2 3 4 5 6 |  6.9
Spellcasting   | 3 4 5 6 |  6.2
Dodging        | |  1.5
Stealth        | |  2.1

Action                     |  1- 3 |  4- 6 |  7- 9 || total
---------------------------+-------+-------+-------++-------
  Melee: Unarmed           |     7 |       |       ||     7
         Dagger            |    23 |    17 |       ||    40
   Cast: Sandblast         |    34 |   109 |    84 ||   227
         Stone Arrow       |       |     2 |     9 ||    11
 Armour: Robe              |    28 |    34 |    26 ||    88
  Dodge: Dodged            |    29 |    47 |    17 ||    93

Table legend: (Time is in decaauts)
 A = Elapsed time spent in this place.
 B = Non-inter-level travel time spent in this place.
 C = Inter-level travel time spent in this place.
 D = Time resting spent in this place.
 E = Time spent auto-exploring this place.
 F = Levels seen in this place.
 G = Mean time per level.
                   A        B        C        D        E       F      G
               +--------+--------+--------+--------+--------+-----+--------+
         Total |   6182 |   5919 |    263 |    277 |   4515 |   8 |  772.8 |
       Dungeon |   5152 |   4928 |    224 |    277 |   3870 |   6 |  858.7 |
        Temple |     43 |      4 |     39 |      0 |      0 |   1 |   43.0 |
         Sewer |    986 |    986 |      0 |      0 |    645 |   1 |  986.0 |
               +--------+--------+--------+--------+--------+-----+--------+

Top non-repeatable levels by time:
     D:5: 1121 daAuts
     D:1: 1100 daAuts
   Sewer: 986 daAuts
     D:2: 956 daAuts
     D:4: 907 daAuts
     D:3: 728 daAuts
     D:6: 338 daAuts
  Temple: 43 daAuts
